 Dungeon Crawl Stone Soup version 0.27.0-1-g7a089689b8 (webtiles) character file.

Game seed: 6562733515043162248

314 pkoi the Ruffian (level 6, -12/51 HPs)
             Began as a Minotaur Fighter on Aug 11, 2021.
             Was a Believer of Sif Muna.
             Mangled by an ogre (15 damage)
             ... on level 4 of the Dungeon.
             The game lasted 00:02:19 (3116 turns).

pkoi the Ruffian (Minotaur Fighter)                 Turns: 3116, Time: 00:02:19

Health: -12/51     AC:  8    Str: 22    XL:     6   Next: 19%
Magic:  5/5        EV:  7    Int:  5    God:    Sif Muna [**....]
Gold:   114        SH:  9    Dex: 10    Spells: 5/5 levels left

rFire    . . .     SeeInvis .     - Unarmed
rCold    . . .     Faith    .   b - +0 kite shield
rNeg     . . .     Spirit   .   a - +0 scale mail
rPois    .         Reflect  .   (helmet restricted)
rElec    .         Harm     .   m - +0 cloak
rCorr    .         Rampage  .   (no gloves)
Will     .....                  (no boots)
Stlth    ..........             (no amulet)
HPRegen  0.17/turn              (no ring)
MPRegen  0.09/turn              (no ring)

@: no status effects
A: horns 2, retaliatory headbutt
a: Renounce Religion, Channel Magic


You were on level 4 of the Dungeon.
You worshipped Sif Muna.
Sif Muna was pleased with you.
You visited 1 branch of the dungeon, and saw 4 of its levels.

You collected 114 gold pieces.

Inventory:

Missiles
 g - 19 poisoned darts (quivered)
 l - 8 curare-tipped darts
Armour
 a - a +0 scale mail (worn)
 b - a +0 kite shield (worn)
 m - a +0 cloak (worn)
Jewellery
 f - a ring of positive energy
 s - a ring of magical power
Wands
 k - a wand of mindburst (13)
Scrolls
 d - 5 scrolls of identify {unknown}
 e - a scroll of magic mapping {unknown}
 i - 2 scrolls of fear {unknown}
 j - a scroll of noise {unknown}
 n - a scroll of blinking {unknown}
 o - a scroll of acquirement {unknown}
 r - a scroll of teleportation {unknown}
 t - a scroll of enchant weapon {unknown}
Potions
 c - a potion of might
 h - a potion of curing {unknown}
 p - 2 potions of degeneration {unknown}
 q - a potion of mutation {unknown}
 u - 2 potions of heal wounds {unknown}


   Skills:
 - Level 3.6 Fighting
 - Level 3.6 Armour
 - Level 3.6 Shields
 + Level 7.3 Unarmed Combat


You had 5 spell levels left.
You didn't know any spells.
Your spell library contained the following spells:

 Spells                   Type           Power      Damage    Failure   Level
 Dazzling Flash           Conj/Hex       0%         N/A       100%        3
 Tukima's Dance           Hex            0%         N/A       100%        3
 Iskenderun's Mystic Bla  Conj/Tloc      0%         2d3       100%        4
 Passage of Golubria      Tloc           N/A        N/A       100%        4
 Yara's Violent Unravell  Hex/Tmut       0%         3d3       100%        5
 Starburst                Conj/Fire      0%         8x6d3     100%        6


Dungeon Overview and Level Annotations

Branches:
Dungeon (4/15)
 Temple: D:4-7

Altars:
Gozag
Hepliaklqana
Sif Muna


Innate Abilities, Weirdness & Mutations

You have a pair of horns on your head.
You reflexively headbutt those who attack you in melee.


Message History

Sif Muna accepts your kill.
Your Unarmed Combat skill increases to level 7!
You have reached level 6!
Your experience leads to an increase in your attributes!
Increase (S)trength, (I)ntelligence, or (D)exterity?
You feel stronger.
i - 2 scrolls labelled NUAFREOCUS (gained 1) As you open the door, it creaks loudly!
There is an open door here.
A goblin comes into view. It is wielding a +0 dagger.
The goblin shouts!
A goblin is nearby!
A goblin is nearby!
A goblin is nearby!
The goblin hits you but does no damage.
You punch the goblin!
You kill the goblin!
Sif Muna accepts your kill.
A goblin comes into view. It is wielding a +0 club.
An ogre comes into view. It is wielding a +0 giant club.
You see here a +0 dagger.
There are monsters nearby!
There are monsters nearby!
You completely miss the goblin. The goblin hits you but does no damage.
You punch the ogre!
The ogre is moderately wounded.
The ogre hits you with a +0 giant club!!
The goblin hits you but does no damage.
You hit the ogre. You headbutt the ogre.
The ogre is severely wounded.
The goblin hits you with a +0 club.
The ogre hits you with a +0 giant club!!
* * * LOW HITPOINT WARNING * * *
The goblin hits you with a +0 club.
* * * LOW HITPOINT WARNING * * *
You barely miss the ogre.
You headbutt the ogre, but do no damage.
The ogre is severely wounded.
The ogre hits you with a +0 giant club!
You die...

........... #...#
≈≈≈≈≈≈≈≈..# #...#
≈.......≈.# #....
≈.≈≈.§≈.≈.. #....
...≈.≈...§.≈..
#...###..≈.≈§_.≈.≈..
#...##...≈§§§..≈.≈..
#.Og.#...≈.≈≈≈≈≈.≈..
#..@.#...≈§......≈..
#....#...≈≈≈≈≈≈≈≈≈..
#!.)##.............+
#...##.....#######..
#....'..............
#....#..............
##..##....#....##...
#..##..############
#........


You could see an ogre and a goblin.

Vanquished Creatures
  A black bear (D:4)
  A phantom (D:3)
  Crazy Yiuf (D:2)
  A killer bee zombie (D:4)
  2 adders
  4 worms
  A dart slug (D:1)
  An orc (D:3)
  6 ball pythons
  7 endoplasms
  5 giant cockroaches
  10 goblins
  6 hobgoblins
  5 kobolds
  2 quokkas
  7 bats
  3 frilled lizards
  4 rats
67 creatures vanquished.

Notes
Turn   | Place    | Note
-------+----------+-------------------------------------------
     0 | D:1      | pkoi the Minotaur Fighter began the quest for the Orb.
     0 | D:1      | Reached XP level 1. HP: 19/19 MP: 0/0
   230 | D:1      | Reached skill level 3 in Unarmed Combat
   230 | D:1      | Reached XP level 2. HP: 26/26 MP: 1/1
   259 | D:1      | Noticed a great orb of eyes
   261 | D:1      | Found a faded altar of an unknown god.
   262 | D:1      | Noticed a shining eye
   262 | D:1      | Noticed a great orb of eyes
   262 | D:1      | Noticed an eye of devastation
   270 | D:1      | Became a worshipper of Sif Muna the Loreminder
   270 | D:1      | Reached * piety under Sif Muna
  1016 | D:2      | Reached skill level 4 in Unarmed Combat
  1016 | D:2      | Reached XP level 3. HP: 31/31 MP: 2/2
  1431 | D:2      | Reached ** piety under Sif Muna
  1561 | D:2      | Found a runed translucent door.
  1562 | D:2      | Noticed Crazy Yiuf
  1697 | D:2      | Killed Crazy Yiuf
  1698 | D:2      | Reached skill level 5 in Unarmed Combat
  1698 | D:2      | Reached XP level 4. HP: 21/39 MP: 3/3
  1906 | D:3      | Found an opulent altar of Gozag.
  1995 | D:3      | Noticed a phantom
  2002 | D:3      | Killed a phantom
  2003 | D:3      | Reached skill level 6 in Unarmed Combat
  2003 | D:3      | Reached XP level 5. HP: 34/45 MP: 4/4
  3014 | D:4      | Found a hazy altar of Hepliaklqana.
  3073 | D:4      | Noticed a black bear
  3081 | D:4      | Killed a black bear
  3082 | D:4      | Reached skill level 7 in Unarmed Combat
  3082 | D:4      | Reached XP level 6. HP: 47/51 MP: 5/5
  3116 | D:4      | Mangled by an ogre

Illustrated notes

Levels and vault maps discovered:
D:1:      co_arrival_square_in_a_square_in_a_square, layout_basic,
          hellmonk_ecumenical_altar_watching_god, minmay_close_crescents
D:2:      layout_basic, uniq_crazy_yiuf_cottage
D:3:      layout_loops_corners, overflow_temple_1_default,
          minmay_misc_feat_four_crosses
D:4:      layout_gridville, mainiacjoe_overflow_concentric_impassable,
          nicolae_overflow_hidden_temple, nicolae_uskayaw_dance_hall

Skill      XL: |  1  2  3  4  5 |
---------------+----------------+-----
Unarmed Combat | 3 4 5 6 7 |  7.3
Fighting       | |  3.6
Armour         | |  3.6
Shields        | |  3.6

Action                   |  1- 3 |  4- 6 || total
-------------------------+-------+-------++-------
Melee: Unarmed           |   102 |    81 ||   183
       Headbutt          |    12 |    13 ||    25
Armor: Scale mail        |    35 |    37 ||    72
Dodge: Dodged            |    21 |    28 ||    49
Block: Kite shield       |    53 |    32 ||    85
